Map: Lightshade LE

Players

saiico - Winner!

  • Race: Protoss Protoss
  • Spawn Location: 11:00

Massa

  • Race: Terran Terran
  • League: Platinum
  • Spawn Location: 5:00

VOD

Have the link to the VOD?

Description

Time

  • Played on: Feb. 24, 2021, 5:14 p.m.
  • Length: 22:26
Show
View Real Time Build Order
Export as new Build Order

saiico Protoss - Winner!

Build Orders: Oracle Opening, Carriers 

Get SALT Encoding   

  12  0:00  Probe  
  13  0:12  Probe  
  14  0:17  Pylon  
  14  0:24  Probe (Chrono Boost)  
  15  0:37  Probe (Chrono Boost)  
  15  0:41  Gateway  
  16  0:43  Probe (Chrono Boost)  
  16  0:48  Assimilator  
  18  0:57  Probe, Assimilator  
  18  1:09  Probe  
  19  1:12  Pylon  
  19  1:21  Probe  
  20  1:28  Cybernetics Core  
  20  1:33  Probe  
  21  1:45  Probe  
  22  1:57  Probe  
  23  2:01  Stalker (Chrono Boost)  
  25  2:15  Nexus  
  25  2:24  Stargate  
  25  2:29  Stalker  
  27  2:37  Pylon  
  27  2:41  Probe  
  27  3:08  Oracle (Chrono Boost)  
  30  3:21  Probe  
  30  3:22  Shield Battery  
  30  3:24  Robotics Facility  
  31  3:31  Probe  
  31  3:33  Probe  
  33  3:38  Void Ray  
  33  3:43  Probe  
  33  3:46  Probe  
  39  3:55  Probe  
  39  3:59  Probe  
  41  4:08  Probe  
  42  4:11  Probe  
  43  4:21  Observer (Chrono Boost)  
  43  4:22  Probe  
  43  4:23  Probe  
  46  4:25  Void Ray, Pylon  
  46  4:29  Assimilator  
  46  4:30  Assimilator  
  50  4:34  Probe  
  50  4:35  Probe  
  52  4:44  Immortal (Chrono Boost)  
  52  4:46  Probe  
  52  4:47  Probe  
  58  4:53  Shield Battery  
  58  5:06  Probe x2  
  60  5:14  Pylon  
  60  5:18  Probe  
  60  5:20  Pylon  
  61  5:24  Robotics Bay  
  61  5:25  Probe, Void Ray (Chrono Boost)  
  62  5:32  Probe  
  67  5:36  Forge  
  67  5:37  Probe  
  68  5:44  Probe  
  68  5:48  Observer (Chrono Boost)  
  70  5:55  Warp Gate  
  70  5:56  Void Ray (Chrono Boost)  
  70  6:01  Probe x2  
  76  6:19  Pylon  
  76  6:21  Pylon  
  76  6:34  Colossus (Chrono Boost)  
  76  6:35  Photon Cannon, Nexus  
  76  6:36  Pylon  
  76  6:38  Photon Cannon, Pylon  
  82  6:41  Photon Cannon  
  82  6:46  Photon Cannon  
  73  7:07  Probe  
  73  7:08  Probe  
  75  7:09  Shield Battery  
  75  7:12  Shield Battery  
  75  7:15  Photon Cannon  
  75  7:18  Photon Cannon  
  75  7:21  Extended Thermal Lance (Chrono Boost)  
  75  7:39  Probe  
  75  7:40  Probe  
  75  7:42  Fleet Beacon  
  77  7:51  Probe, Colossus  
  77  7:52  Observer  
  77  7:53  Probe  
  85  8:07  Probe x2  
  85  8:10  Probe  
  88  8:19  Probe x2  
  90  8:22  Carrier (Chrono Boost), Pylon  
  90  8:23  Probe  
  90  8:26  Protoss Air Weapons Level 1 (Chrono Boost)  
  97  8:38  Stargate  
  97  8:39  Probe  
  98  8:42  Probe x2  
  98  8:44  Stargate  
  100  8:51  Probe, Protoss Shields Level 1  
  100  8:54  Probe x2  
  103  9:00  Photon Cannon  
  103  9:01  Photon Cannon  
  103  9:08  Assimilator  
  103  9:14  Probe x2, Assimilator  
  103  9:15  Photon Cannon  
  104  9:20  Carrier (Chrono Boost)  
  110  9:25  Probe  
  110  9:26  Probe  
  110  9:30  Colossus (Chrono Boost)  
  112  9:35  Probe  
  119  9:39  Probe x2  
  121  9:47  Carrier (Chrono Boost)  
  133  10:09  Carrier (Chrono Boost)  
  133  10:17  Pylon  
  133  10:24  Pylon  
  133  10:29  Pylon  
  133  10:31  Pylon  
  133  10:33  Pylon  
  139  10:36  Observer  
  139  10:40  Carrier (Chrono Boost)  
  139  10:42  Carrier (Chrono Boost)  
  146  10:53  Cybernetics Core  
  146  10:57  Carrier  
  146  11:02  Protoss Air Weapons Level 2 (Chrono Boost)  
  157  11:43  Carrier (Chrono Boost), Protoss Air Armor Level 1 (Chrono Boost)  
  157  11:50  Carrier (Chrono Boost)  
  157  11:51  Nexus  
  157  11:52  Pylon  
  163  11:55  Pylon  
  163  11:59  Carrier (Chrono Boost)  
  163  12:08  Assimilator  
  169  12:12  Assimilator  
  169  12:15  Pylon  
  169  12:32  Shield Battery  
  169  12:34  Shield Battery  
  168  12:40  Carrier (Chrono Boost)  
  154  12:54  Carrier (Chrono Boost)  
  148  13:05  Carrier (Chrono Boost)  
  142  13:25  Nexus  
  142  13:26  Pylon  
  142  13:27  Shield Battery  
  142  13:30  Assimilator  
  142  13:33  Photon Cannon  
  142  13:38  Photon Cannon, Carrier (Chrono Boost)  
  148  13:54  Carrier (Chrono Boost)  
  154  13:57  Carrier (Chrono Boost)  
  154  14:01  Pylon  
  154  14:02  Protoss Air Weapons Level 3 (Chrono Boost)  
  160  14:14  Probe x3  
  163  14:17  Pylon  
  162  14:26  Probe  
  162  14:27  Carrier (Chrono Boost)  
  169  14:41  Protoss Air Armor Level 2 (Chrono Boost)  
  169  14:49  Void Ray (Chrono Boost)  
  169  14:51  Stargate  
  169  14:54  Void Ray (Chrono Boost)  
  177  15:18  Void Ray  
  177  15:19  Void Ray  
  185  15:31  Carrier (Chrono Boost)  
  179  15:54  Carrier (Chrono Boost)  
  169  15:59  Carrier (Chrono Boost)  
  169  16:00  Carrier (Chrono Boost)  
  169  16:27  Carrier  
  175  16:50  Void Ray  
  175  16:51  Carrier, Void Ray  
  189  17:12  Nexus  
  189  17:14  Pylon  
  189  17:15  Pylon  
  182  17:35  Carrier x2  
  169  17:57  Carrier  
  175  17:59  Carrier  
  171  18:39  Carrier  
  171  18:40  Carrier  
  183  19:01  Carrier  
  189  19:03  Carrier  
  189  19:22  Photon Cannon  
  188  19:44  Carrier x2  
  194  19:59  Void Ray  
  194  20:37  Void Ray  
  198  21:09  Assimilator  
  198  21:14  Assimilator  
  198  21:15  Pylon  
  164  22:08  Shield Battery  
  164  22:11  Shield Battery  
Show
View Real Time Build Order
Export as new Build Order

Massa Terran 

Build Orders: Reaper Expand 

Get SALT Encoding   

  12  0:00  SCV  
  13  0:13  SCV  
  14  0:21  Supply Depot  
  14  0:25  SCV  
  15  0:43  SCV  
  15  0:44  Barracks  
  16  0:52  Refinery  
  16  1:09  SCV  
  17  1:21  SCV  
  18  1:43  Command Center  
  18  1:45  Reaper  
  19  1:47  Orbital Command  
  19  2:01  Supply Depot  
  19  2:13  Bunker  
  19  2:17  Marine  
  20  2:26  Factory  
  20  2:37  Barracks Reactor  
  20  3:02  Orbital Command  
  19  3:10  SCV  
  19  3:11  Hellion  
  22  3:13  Marine  
  22  3:14  Marine, Supply Depot  
  24  3:21  Engineering Bay  
  24  3:22  SCV  
  25  3:28  SCV  
  25  3:31  Marine x2  
  28  3:34  SCV, Hellion  
  28  3:40  SCV  
  32  3:47  Missile Turret  
  32  3:49  Marine  
  32  3:52  SCV, Missile Turret  
  32  3:53  SCV  
  35  3:56  Marine  
  36  4:05  SCV x2  
  36  4:08  Starport  
  39  4:17  SCV x2  
  39  4:20  Missile Turret  
  40  4:30  Hellion x2  
  40  4:31  Barracks Tech Lab  
  44  4:43  SCV x2  
  46  4:47  Refinery  
  46  5:05  Widow Mine x2  
  50  5:12  Barracks Tech Lab  
  50  5:14  SCV x2  
  50  5:17  Refinery  
  52  5:22  Command Center  
  52  5:25  Barracks x2  
  52  5:27  Barracks, Factory  
  52  5:33  Stimpack  
  52  5:34  Marine  
  53  5:49  Supply Depot  
  53  5:51  Supply Depot  
  53  5:52  Marine  
  54  6:02  Terran Infantry Weapons Level 1  
  54  6:03  Supply Depot  
  54  6:04  Supply Depot  
  54  6:10  Medivac  
  54  6:11  Widow Mine x2, SCV x2  
  62  6:14  Marine  
  62  6:17  Barracks Reactor x2  
  62  6:18  Barracks Tech Lab  
  63  6:20  Factory Tech Lab  
  63  6:23  SCV x2  
  65  6:32  Widow Mine x2  
  69  6:35  SCV x2  
  71  6:59  Widow Mine  
  71  7:00  Widow Mine  
  71  7:01  Marauder x2, Marine x4  
  83  7:11  Armory  
  83  7:13  Armory  
  83  7:18  Marine  
  83  7:19  Marine x3  
  83  7:22  Marine x2  
  89  7:33  Combat Shield  
  89  7:35  Concussive Shells  
  89  7:39  SCV x2  
  91  7:45  Marine x6  
  96  7:51  SCV x2, Raven  
  96  7:54  Command Center  
  99  8:02  Marine  
  99  8:03  Orbital Command, Marine  
  101  8:11  Refinery  
  101  8:18  Refinery  
  101  8:20  Supply Depot  
  101  8:23  Supply Depot  
  101  8:24  Missile Turret  
  101  8:25  Supply Depot  
  101  8:42  SCV x3, Marauder, Marine x3  
  101  8:44  Marine, Supply Depot  
  106  8:54  SCV x3  
  105  9:00  Starport, Marauder  
  107  9:04  Raven  
  107  9:06  SCV x3  
  107  9:07  Marauder  
  107  9:08  Marine x3  
  117  9:14  Terran Infantry Weapons Level 2, Terran Vehicle Weapons Level 1  
  117  9:17  Barracks x2  
  117  9:18  SCV, Terran Vehicle And Ship Armor Level 1  
  117  9:19  Barracks  
  117  9:21  Marauder  
  120  9:24  Drilling Claws, Engineering Bay, Supply Depot  
  120  9:25  Supply Depot  
  120  9:27  Supply Depot  
  120  9:28  SCV x2, Marauder, Supply Depot  
  124  9:33  SCV  
  124  9:36  Planetary Fortress  
  125  9:40  SCV  
  125  9:41  Refinery  
  126  9:47  SCV x2  
  126  9:52  SCV, Marauder x2  
  133  9:56  Starport Reactor  
  133  10:01  Refinery  
  133  10:04  SCV x2  
  133  10:05  SCV  
  136  10:11  Sensor Tower  
  136  10:16  Refinery, SCV  
  137  10:27  Factory Tech Lab  
  137  10:28  Barracks Tech Lab x2  
  137  10:33  Ghost Academy  
  137  10:34  Terran Infantry Armor Level 1  
  137  10:40  Factory  
  137  10:45  Thor  
  137  10:48  SCV x3  
  137  10:49  SCV  
  147  10:55  Marine x10  
  157  11:00  SCV  
  157  11:02  Raven  
  160  11:13  Marine x10  
  170  11:18  Terran Vehicle And Ship Armor Level 2  
  170  11:20  Terran Vehicle Weapons Level 2  
  170  11:23  Siege Tank  
  173  11:28  Factory Tech Lab, Thor  
  173  11:30  Marine  
  180  11:40  Marine x2  
  180  11:43  Command Center  
  180  11:46  Supply Depot  
  180  11:47  Supply Depot  
  180  11:48  Supply Depot  
  180  12:07  Marine x2, Thor  
  188  12:08  Marine x8  
  188  12:13  Supply Depot  
  196  12:18  Terran Infantry Weapons Level 3  
  196  12:22  SCV x3  
  199  12:23  SCV  
  200  12:38  Thor  
  176  12:46  Command Center  
  109  13:09  Marine x9  
  109  13:10  Thor x2  
  122  13:12  Raven  
  122  13:13  Medivac x2  
  122  13:17  SCV  
  122  13:18  SCV x3  
  132  13:20  Orbital Command  
  132  13:21  Thor  
  132  13:23  Missile Turret  
  138  13:33  Missile Turret  
  138  13:34  Missile Turret  
  138  13:35  Missile Turret  
  138  13:36  Missile Turret  
  138  13:37  Missile Turret  
  138  13:39  Missile Turret  
  138  13:42  Smart Servos  
  138  13:43  Missile Turret  
  138  13:47  Medivac x2  
  142  13:48  Marine  
  142  13:49  Marine x9  
  142  13:52  SCV x4  
  142  13:53  Thor  
  162  13:55  Raven  
  162  13:57  Missile Turret  
  162  13:58  Missile Turret  
  162  13:59  Missile Turret  
  162  14:00  Missile Turret  
  162  14:01  Missile Turret  
  164  14:04  SCV x3  
  164  14:05  Terran Infantry Armor Level 2, SCV  
  164  14:06  Marine  
  164  14:07  Terran Vehicle Weapons Level 3, Marine x7  
  176  14:10  Terran Vehicle And Ship Armor Level 3, Command Center  
  176  14:39  Marauder x2, Marine x8  
  176  14:42  Thor x2  
  200  15:05  Corvid Reactor  
  200  15:24  Planetary Fortress  
  172  15:48  Raven  
  172  15:49  Marauder, Marine x9  
  173  15:55  Thor x3  
  165  16:07  Marine x2  
  150  16:17  Marine x8  
  150  16:23  Cloaking Field  
  150  16:24  Barracks, Marine  
  150  16:25  Barracks, Marine  
  152  16:30  Barracks, Raven  
  153  16:34  Refinery  
  153  16:35  Refinery, Marine x8  
  153  16:37  Command Center  
  153  16:38  Thor  
  167  16:42  Marine  
  167  16:43  Marine  
  173  16:50  Viking x2  
  173  16:53  Marine x8  
  181  17:00  Marine x2  
  183  17:04  Thor x2  
  195  17:10  Marine  
  195  17:11  Marine x4  
  188  17:28  Marine x3  
  132  17:40  Marine x8  
  132  17:41  Marine x2  
  120  17:46  Marine x2  
  120  17:47  Thor  
  135  17:58  Marine x9  
  118  18:10  Missile Turret x3  
  118  18:11  Missile Turret  
  118  18:12  Missile Turret  
  113  18:13  Missile Turret  
  110  18:20  Command Center, Missile Turret x2  
  110  18:21  Missile Turret  
  110  18:22  Marine x7  
  110  18:23  Marine x3, Missile Turret x2  
  110  18:25  Missile Turret  
  111  18:32  Factory  
  111  18:33  Factory  
  111  18:34  Orbital Command, Factory  
  105  18:37  Refinery, Factory  
  105  18:40  Marine x10  
  115  18:45  Refinery  
  113  18:57  Marine  
  113  18:58  Marine x9  
  96  19:02  Viking  
  96  19:03  Viking  
  96  19:07  Thor  
  106  19:15  Marine  
  106  19:16  Marine x9  
  92  19:24  Factory Tech Lab x2  
  92  19:25  Factory Tech Lab x2  
  86  19:32  Orbital Command, Viking  
  86  19:33  Marine, Viking  
  86  19:34  Marine x4  
  86  19:35  Barracks  
  80  19:52  Thor x2  
  77  20:05  Thor x2  
  76  20:13  Missile Turret  
  76  20:14  Missile Turret x2  
  69  20:16  Missile Turret  
  69  20:17  Missile Turret  
  65  20:31  SCV  
  65  20:35  Marine, Thor x2  
  78  20:41  Armory  
  78  20:43  SCV  
  79  20:52  Marine  
  79  20:56  SCV  
  77  20:59  SCV x3  
  77  21:03  Refinery  
  80  21:04  Refinery  
  80  21:11  Supply Depot  
  80  21:13  Supply Depot  
  80  21:14  Supply Depot  
  79  21:34  Supply Depot  
  79  21:36  SCV x3  
  79  21:59  Supply Depot  
Tags
 
Add a new tag
Caveats
  • Supply blocks, unpowered buildings, or Contaminate may cause inaccurate times.
  • Supply counts are checked every 10 seconds.